 Dungeon Crawl Stone Soup version 0.26.1-2-gb8aa6d0cf2 (webtiles) character file.

Game seed: 1446317457317616387

394 Almogavar the Shield-Bearer (level 6, 0/38 HPs)
             Began as a Gargoyle Fighter on Mar 23, 2021.
             Slain by an ogre
             ... wielding a +0 giant club
              (21 damage)
             ... on level 4 of the Dungeon.
             The game lasted 00:09:49 (3913 turns).

Almogavar the Shield-Bearer (Gargoyle Fighter)      Turns: 3913, Time: 00:09:50

Health: 0/38       AC: 11    Str: 21    XL:     6   Next: 81%
Magic:  6/6        EV:  8    Int:  9    God:
Gold:   192        SH: 10    Dex:  9    Spells: 5/5 levels left

rFire    . . .     SeeInvis .   a - +0 flail
rCold    . . .     Faith    .   c - +0 kite shield
rNeg     + . .     Spirit   .   b - +0 scale mail
rPois    ∞         Reflect  .   (no helmet)
rElec    +         Harm     .   k - scarf {repulsion}
rCorr    .         Rampage  .   (no gloves)
Will     .....                  (no boots)
Stlth    ..........             h - amulet of regeneration
HPRegen  0.52/turn              (no ring)
MPRegen  0.10/turn              (no ring)

@: repel missiles
A: negative energy resistance 1, electricity resistance, unbreathing,
petrification resistance, miasma immunity, AC +4
a: no special abilities


You were on level 4 of the Dungeon.
You visited 1 branch of the dungeon, and saw 4 of its levels.

You collected 192 gold pieces.

Inventory:

Hand Weapons
 a - a +0 flail (weapon)
Missiles
 g - 74 bolts
Armour
 b - a +0 scale mail (worn)
 c - a +0 kite shield (worn)
 k - a scarf of repulsion (worn)
Jewellery
 h - an amulet of regeneration (around neck)
Wands
 l - a wand of enslavement (4)
Scrolls
 f - 2 scrolls of enchant weapon
 i - 2 scrolls of amnesia
 j - 2 scrolls of enchant armour
 p - 3 scrolls of remove curse
 q - a scroll of magic mapping {unknown}
 r - a scroll of random uselessness {unknown}
Potions
 d - 3 potions of might
 e - 2 potions of haste {unknown}
 m - a potion of heal wounds {unknown}
 n - 2 potions of attraction {unknown}
 o - a potion of magic
 s - a potion of curing {unknown}


   Skills:
 + Level 3.9 Fighting
 + Level 3.9 Maces & Flails
 + Level 4.9 Armour
 + Level 1.1 Dodging
 + Level 5.4 Shields


You had 5 spell levels left.
You didn't know any spells.
Your spell library was empty.

Dungeon Overview and Level Annotations

Branches:
Dungeon (4/15)
 Temple: D:4-7

Altars:
Xom


Innate Abilities, Weirdness & Mutations

You are resistant to torment.
Your stone body is resilient. (AC +4)
You are immune to poison.
You resist negative energy. (rN+)
You are resistant to electric shocks. (rElec)
You can survive without breathing.
You are immune to petrification.
You are immune to miasma.


Message History

You barely miss the ogre.
The ogre is moderately wounded.
The ogre hits you but does no damage.
You hit the ogre.
The ogre is heavily wounded.
The ogre hits you but does no damage.
You barely miss the ogre.
The ogre is heavily wounded.
The ogre barely misses you.
You sock the ogre!
The ogre is almost dead.
You block the ogre's attack.
You barely miss the ogre.
The ogre is almost dead.
The ogre hits you with a +0 giant club!
You completely miss the ogre.
The ogre is almost dead.
The ogre hits you with a +0 giant club!!
Ouch! That really hurt!
You die...

# #.#....#
....##.#####
..........#.##
..##....#....#
.......##..#####
.....#...#......#
..#..##.........#
.##........#....#
......O@<..#....#
...........#....#
#..............#..$
#..###..?......#...
.. ...............
. #.............
.....(..........
.....##........


You could see an ogre.

Vanquished Creatures
  A bullfrog (D:2)
  A gnoll shaman (D:3)
  An orc priest (D:4)
  11 gnolls
  7 adders
  A shadow imp (D:3)
  An ooze (D:4)
  3 worms
  2 dart slugs (D:1)
  3 leopard geckos
  11 orcs
  6 giant cockroaches
  6 goblins
  5 hobgoblins
  5 kobolds
  A ball python (D:4)
  5 bats
  7 frilled lizards
  3 rats (D:3)
80 creatures vanquished.

Vanquished Creatures (others)
  A plant (D:3)
1 creature vanquished.

Grand Total: 81 creatures vanquished

Notes
Turn   | Place    | Note
-------+----------+-------------------------------------------
     0 | D:1      | Almogavar the Gargoyle Fighter began the quest for the Orb.
     0 | D:1      | Reached XP level 1. HP: 14/14 MP: 1/1
   170 | D:1      | Reached XP level 2. HP: 15/19 MP: 2/2
   797 | D:2      | Reached XP level 3. HP: 23/23 MP: 3/3
  1363 | D:1      | Reached skill level 4 in Shields
  1454 | D:1      | HP: 1/23 [goblin/+0 club (1)]
  1457 | D:1      | Reached XP level 4. HP: 3/28 MP: 4/4
  1833 | D:2      | Noticed a bullfrog
  1842 | D:2      | Killed a bullfrog
  1843 | D:2      | Reached XP level 5. HP: 30/32 MP: 5/5
  2032 | D:2      | Found a shimmering altar of Xom.
  2036 | D:2      | Found a shimmering altar of Xom.
  2042 | D:2      | Found a shimmering altar of Xom.
  2043 | D:2      | Found a shimmering altar of Xom.
  2043 | D:2      | Found a shimmering altar of Xom.
  2891 | D:3      | Reached skill level 5 in Shields
  2908 | D:3      | Reached XP level 6. HP: 36/38 MP: 6/6
  3599 | D:3      | Reached skill level 1 in Dodging
  3913 | D:4      | Slain by an ogre

Illustrated notes

Levels and vault maps discovered:
D:1:      wander_arrival_fairy_ring, layout_rooms, st_stairs_9,
          interstate_on_off
D:2:      layout_loops_ring, xom_redecorated
D:3:      layout_loops_cross, guppyfry_early_lair_pool
D:4:      layout_cave_pools

Skill      XL: |  1  2  3  4  5  6 |
---------------+-------------------+-----
Shields        | 4 5 |  5.4
Armour         | 4 |  4.9
Maces & Flails | 3 |  3.9
Dodging        | 1 |  1.1
Fighting       | |  3.9

Action                   |  1- 3 |  4- 6 || total
-------------------------+-------+-------++-------
Melee: Flail             |   128 |   301 ||   429
  Use: Scroll            |     3 |     2 ||     5
       Potion            |     1 |     1 ||     2
Armor: Scale mail        |    76 |   193 ||   269
       Skin              |       |     1 ||     1
Dodge: Dodged            |    48 |   115 ||   163
Block: Kite shield       |    88 |   195 ||   283
